Map: Ascension to Aiur LE

Players

llllllllllll - Winner!

  • Race: Terran Terran
  • League: Grandmaster
  • Spawn Location: 11:00

llllllllllll (Oliveira)

  • Race: Terran Terran
  • League: Grandmaster
  • Spawn Location: 5:00

VOD

Have the link to the VOD?

Description

Time

  • Played on: Sept. 22, 2017, 11:13 p.m.
  • Length: 10:10
Show
View Real Time Build Order
Export as new Build Order

llllllllllll Terran - Winner!

Build Orders: Cyclone Opening, Reaper Expand 

Get SALT Encoding   

  12  0:01  SCV  
  13  0:13  SCV  
  14  0:17  Supply Depot  
  14  0:25  SCV  
  15  0:29  Refinery  
  15  0:38  SCV  
  16  0:45  Barracks  
  16  0:50  SCV  
  17  1:02  SCV  
  18  1:15  SCV  
  19  1:32  Reaper, Orbital Command  
  20  1:46  Command Center  
  20  1:58  Factory  
  20  2:05  SCV  
  20  2:06  Reaper  
  22  2:12  Supply Depot  
  22  2:17  SCV  
  22  2:19  Refinery  
  22  2:29  SCV  
  23  2:38  Marine  
  23  2:43  Cyclone  
  23  2:44  SCV  
  28  2:55  Marine  
  28  2:56  SCV  
  28  2:57  Orbital Command  
  30  3:08  SCV, Starport  
  31  3:17  Marine  
  32  3:20  SCV, Cyclone  
  36  3:29  SCV  
  36  3:32  SCV  
  36  3:40  Marine  
  36  3:41  SCV  
  38  3:45  Viking, Supply Depot  
  38  3:46  SCV  
  41  3:53  Cyclone  
  41  3:54  SCV  
  45  3:58  SCV  
  46  4:04  Engineering Bay  
  46  4:05  Barracks Reactor  
  46  4:07  SCV  
  47  4:10  SCV  
  47  4:15  Supply Depot  
  48  4:19  SCV, Starport Tech Lab  
  48  4:22  SCV  
  48  4:23  Supply Depot  
  50  4:25  Factory Tech Lab  
  50  4:26  Refinery  
  50  4:31  SCV  
  51  4:32  Missile Turret  
  51  4:36  SCV, Missile Turret  
  52  4:43  SCV  
  53  4:50  Starport Reactor  
  53  4:51  Barracks  
  53  4:52  SCV, Barracks  
  54  4:55  SCV  
  52  5:01  Marine  
  52  5:04  SCV  
  52  5:05  Bunker  
  54  5:07  SCV  
  54  5:08  Siege Tank  
  58  5:16  SCV  
  58  5:19  Bunker, Marine  
  58  5:20  SCV  
  61  5:24  Terran Infantry Weapons Level 1  
  61  5:28  SCV  
  62  5:32  SCV  
  62  5:35  Starport Reactor  
  63  5:37  Marine  
  63  5:39  Supply Depot  
  63  5:40  SCV, Siege Tank  
  63  5:41  Marine x2  
  70  5:47  SCV, Marine, Supply Depot  
  69  5:50  Marine  
  69  5:55  Marine  
  67  5:58  Marine  
  67  5:59  Marine  
  69  6:05  Marine  
  69  6:08  Marine  
  71  6:15  Barracks Tech Lab  
  71  6:16  Marine x2  
  72  6:19  Medivac x2  
  72  6:21  Siege Tank  
  72  6:25  Marine  
  80  6:26  Marine  
  81  6:35  Supply Depot  
  81  6:36  Supply Depot  
  81  6:37  Refinery, Combat Shields, Marine  
  81  6:39  Marine  
  83  6:40  Marine  
  83  6:42  Marine  
  83  6:45  Marine  
  86  6:50  Supply Depot  
  86  6:52  Supply Depot  
  86  6:54  Supply Depot  
  86  6:56  Medivac, Marine  
  86  6:58  Marine  
  86  6:59  Marine  
  91  7:01  Siege Tank  
  91  7:02  Marine  
  92  7:09  Marine  
  92  7:14  Marine  
  90  7:16  Marine  
  90  7:17  Marine  
  90  7:20  Marine  
  90  7:21  Medivac  
  86  7:26  Medivac  
  86  7:27  Marine  
  86  7:28  SCV x2  
  89  7:31  Marine  
  89  7:34  Marine  
  89  7:35  Marine  
  92  7:38  Marine, Command Center  
  92  7:40  Siege Tank  
  96  7:44  Marine  
  96  7:49  Marine  
  96  7:50  Terran Infantry Armor Level 1, Barracks  
  96  7:51  Marine, Barracks  
  98  7:53  Marine  
  98  7:56  Supply Depot, Marine  
  101  8:02  Marine  
  102  8:07  Marine  
  102  8:09  Marine  
  102  8:12  Siege Tank  
  106  8:14  Marine  
  106  8:20  Marine  
  106  8:21  Barracks  
  106  8:22  Barracks  
  106  8:25  Marine  
  108  8:27  Marine  
  108  8:30  Barracks  
  108  8:31  Barracks Tech Lab, Marine  
  110  8:38  Marine  
  110  8:43  Marine  
  110  8:46  Factory Tech Lab  
  110  8:49  Marine  
  110  8:52  Marine  
  111  8:55  Supply Depot  
  111  8:56  Marine  
  111  8:57  Marine  
  112  9:07  Marine  
  108  9:10  Marine  
  108  9:17  Marine, Siege Tank  
  105  9:29  Marine  
  105  9:30  Marine  
  105  9:31  SCV  
  105  9:32  Supply Depot x2  
  105  9:33  Marine  
  105  9:34  Marine  
  107  9:39  Viking  
  107  9:42  SCV, Armory  
  107  9:43  Engineering Bay  
  110  9:47  Marine  
  110  9:48  Marine  
  110  9:51  Marine  
Show
View Real Time Build Order
Export as new Build Order

llllllllllll Terran 

Build Orders: 1/1/1, Cyclone Opening, MMM Bio 

Get SALT Encoding   

  12  0:00  SCV  
  13  0:12  SCV  
  14  0:17  Supply Depot  
  14  0:24  SCV  
  14  0:28  Refinery  
  15  0:38  SCV  
  16  0:45  Barracks  
  16  0:50  SCV  
  16  0:55  Refinery  
  17  1:02  SCV  
  18  1:14  SCV  
  19  1:32  Reaper, Orbital Command  
  20  1:35  Factory  
  20  1:43  Supply Depot  
  20  1:57  SCV  
  21  2:04  Reaper  
  22  2:09  SCV  
  23  2:18  Hellion  
  23  2:20  Starport  
  25  2:25  SCV, Supply Depot  
  26  2:36  Barracks Tech Lab  
  26  2:37  SCV  
  26  2:40  Cyclone  
  30  2:49  SCV  
  31  3:07  Command Center  
  31  3:11  Raven  
  33  3:15  SCV  
  32  3:27  SCV  
  32  3:38  Barracks Reactor  
  32  3:39  Cyclone  
  32  3:40  SCV  
  36  3:42  Supply Depot  
  36  3:53  SCV  
  36  3:54  Viking  
  38  4:10  SCV  
  38  4:14  Cyclone, Marine  
  38  4:15  Marine  
  44  4:22  SCV  
  45  4:34  Orbital Command  
  45  4:35  SCV  
  46  4:40  Stimpack  
  46  4:46  Starport Reactor  
  46  4:48  Barracks  
  46  4:49  Barracks  
  46  4:52  SCV  
  46  5:00  SCV, Factory Tech Lab  
  46  5:04  SCV  
  48  5:12  SCV  
  49  5:14  Marine  
  49  5:16  SCV  
  49  5:19  Engineering Bay  
  49  5:20  Refinery, Siege Tank  
  54  5:24  SCV, Supply Depot  
  56  5:28  SCV  
  56  5:32  Marine  
  56  5:33  Starport Reactor  
  56  5:36  SCV  
  56  5:37  Marine x2  
  58  5:44  SCV  
  58  5:45  Marine  
  57  5:50  Refinery  
  57  5:53  Marine  
  57  5:54  Marine  
  57  5:56  SCV  
  59  5:57  SCV  
  59  6:01  Marine  
  61  6:07  Marine  
  61  6:08  SCV, Siege Tank  
  66  6:12  Marine  
  66  6:15  Supply Depot  
  66  6:16  Marine  
  66  6:18  SCV  
  69  6:26  SCV  
  69  6:27  Supply Depot  
  69  6:30  Marine  
  69  6:32  Marine  
  70  6:36  Medivac x2, Marine  
  70  6:37  Supply Depot  
  70  6:38  Marine  
  70  6:39  Marine  
  76  6:42  SCV  
  78  6:47  Combat Shields  
  78  6:49  Supply Depot  
  78  6:51  SCV  
  78  6:54  Marine  
  79  6:55  SCV, Marine  
  79  6:58  Supply Depot  
  79  7:00  Terran Infantry Weapons Level 1  
  82  7:03  SCV, Marine  
  84  7:09  SCV, Marine  
  84  7:11  Marine  
  84  7:12  Marine  
  86  7:19  Marine  
  86  7:21  Marine  
  68  7:24  Siege Tank  
  68  7:26  Medivac  
  68  7:27  SCV, Marine  
  68  7:28  Refinery  
  68  7:29  Marine  
  76  7:31  Marine  
  76  7:35  SCV  
  78  7:37  Marine  
  78  7:39  SCV, Marine  
  81  7:45  Marine  
  81  7:46  Marine  
  81  7:49  Marine  
  84  7:55  Marine  
  84  7:57  SCV, Marine  
  84  7:58  Command Center  
  87  8:03  Marine  
  87  8:04  Marine  
  89  8:10  Marine  
  90  8:13  Marine  
  90  8:15  Marine  
  92  8:20  Marine  
  92  8:22  Marine, Siege Tank  
  97  8:27  Marine  
  97  8:30  Marine  
  97  8:32  Marine  
  99  8:38  Medivac x2, Marine  
  99  8:40  Marine  
  102  8:45  Marine  
  84  8:48  Marine  
  84  8:50  Marine  
  78  9:02  Marine x2  
  78  9:03  Marine  
  78  9:06  Marine  
  78  9:07  Liberator  
  78  9:08  Marine  
  72  9:20  Supply Depot  
  72  9:21  SCV, Supply Depot x2, Marine x2  
  72  9:22  Supply Depot  
  72  9:24  Marine  
  73  9:26  Marine  
  76  9:37  Engineering Bay  
  76  9:41  Marine x2  
  76  9:42  Marine  
  76  9:44  Marine  
  76  9:45  Barracks Reactor  
Tags
 
Add a new tag
Caveats
  • Supply blocks, unpowered buildings, or Contaminate may cause inaccurate times.
  • Supply counts are checked every 10 seconds.